 Dungeon Crawl Stone Soup version 0.29.1-12-g30fa7ad0bf (webtiles) character file.

Game seed: 11715032262304159436

4 raph the Caller (level 1, -1/10 HPs)
             Began as a Deep Elf Summoner on Dec 22, 2022.
             Slain by a ball python (3 damage)
             ... on level 1 of the Dungeon.
             The game lasted 00:00:22 (316 turns).

raph the Caller (Deep Elf Summoner)                  Turns: 316, Time: 00:00:22

Health: -1/10      AC:  2    Str:  5    XL:     1   Next: 50%
Magic:  3/6        EV: 12    Int: 19    God:
Gold:   75         SH:  0    Dex: 15    Spells: 5/6 levels left

rFire   . . .      SeeInvis .   (no weapon)
rCold   . . .      Faith    .   (no shield)
rNeg    . . .      Spirit   .   a - +0 robe
rPois   .          Reflect  .   (no helmet)
rElec   .          Harm     .   (no cloak)
rCorr   .          Rampage  .   (no gloves)
Will    .....                   (no boots)
Stlth   ++........              (no amulet)
HPRegen 0.03/turn               (no ring)
MPRegen 0.10/turn               (no ring)

@: no status effects
A: no striking features
a: no special abilities


You were on level 1 of the Dungeon.
You visited 1 branch of the dungeon, and saw 1 of its levels.

You collected 75 gold pieces.

Inventory:

Armour
 a - a +0 robe (worn)
Scrolls
 c - 3 scrolls of identify {unknown}
Potions
 b - a potion of magic


   Skills:
 + Level 2.5 Dodging
 + Level 2.5 Stealth
 + Level 3.1 Spellcasting
 * Level 4.5 Summonings


You had 5 spell levels left.
You knew the following spells:

 Your Spells              Type           Power      Damage    Failure   Level
a - Summon Small Mammal   Summ           80%        N/A       2%          1

Your spell library contained the following spells:

 Spells                   Type           Power      Damage    Failure   Level
 Call Imp                 Summ           20%        N/A       3%          2
 Call Canine Familiar     Summ           20%        N/A       7%          3
 Summon Guardian Golem    Hex/Summ       11%        N/A       19%         3
 Summon Lightning Spire   Summ/Air       11%        N/A       52%         4


Dungeon Overview and Level Annotations

Branches:
Dungeon (1/15)

Altars:


Message History

You now have 63 gold pieces (gained 14).
You now have 75 gold pieces (gained 12).
c - 3 scrolls labelled GYVASI BUREIL (gained 1)
Found a stone staircase leading down.
A rat and a ball python come into view.
A giant cockroach comes into view.
The ball python hisses angrily.
You hear a shout!
Casting: Summon Small Mammal (safe; 2% risk of failure)
Confirm with . or Enter, or press ? or * to list all spells.
A goblin comes into view. It is wielding a +0 club.
The ball python bites your rat but does no damage.
The ball python grabs your rat. The ball python constricts your rat.
Casting: Summon Small Mammal (safe; 2% risk of failure)
Confirm with . or Enter, or press ? or * to list all spells.
The ball python bites your rat but does no damage.
The ball python constricts your rat.
Your rat barely misses the ball python.
Your bat closely misses the giant cockroach.
The ball python loses its grip on your rat.
Your bat completely misses the giant cockroach.
Your rat misses the ball python.
Your bat completely misses the giant cockroach.
The ball python bites you. The ball python barely misses you.
Your rat closely misses the ball python.
The giant cockroach attacks as you move away!
The giant cockroach bites you. The goblin hits you with a +0 club.
* * * LOW HITPOINT WARNING * * *
Your bat barely misses the giant cockroach.
The ball python closely misses you. The ball python barely misses you.
The giant cockroach attacks as you move away!
The giant cockroach bites you but does no damage.
Your bat barely misses the giant cockroach.
Casting: Summon Small Mammal (safe; 2% risk of failure)
Confirm with . or Enter, or press ? or * to list all spells.
Your rat disappears in a puff of smoke!
The giant cockroach barely misses you. The ball python barely misses you.
The ball python closely misses you. The giant cockroach closely misses you.
Your bat hits the giant cockroach but does no damage.
The ball python attacks as you move away!
The ball python bites you.
You die...

......>......####################
.#####..####....# # ##..# ####.#
#### ## ##.######.# #.. ..
#.....##.######## #.#####.
#####..#.##.....###.# ..#.
##.#...r8.8.....# ..#.
#########...#..#+#.###.###.#.
#........##S@..# #...#.....#.
#.........bBg### ###.#.....#.
#.........r..# #.........
.............# #.#.....##
.........###.# #.........
.........# #.# #.#.......
.......... ... ...##......
#......... .... #.. #......
#.......... ...8 8. #......


You could see a giant cockroach (ally target), a goblin, a ball python (ally
target), a rat, a friendly quokka (summoned) and a friendly bat (summoned).

Vanquished Creatures (collateral kills)
  2 endoplasms (D:1)
  A giant cockroach (D:1)
3 creatures vanquished.

Notes
Turn   | Place    | Note
-------+----------+-------------------------------------------
     0 | D:1      | raph the Deep Elf Summoner began the quest for the Orb.
     0 | D:1      | Reached XP level 1. HP: 10/10 MP: 6/6
   316 | D:1      | Slain by a ball python

Illustrated notes

Levels and vault maps discovered:
D:1:      nzn_arrival_depleted_hourglass, layout_basic,
          dreamdust_ecumenical_altar_angels_and_demons, serial_shops,
          shop_statue, minivault_23, roderic_serpentine_path

Action                   || total
-------------------------++-------
Melee: Unarmed           ||     4
 Cast: Summon Small Mamm ||     8
Armor: Robe              ||     2
Dodge: Dodged            ||     9
